 Dungeon Crawl Stone Soup version 0.21-a0-578-gc6e9d75 (webtiles) character file.

226 slep the Chopper (level 5, 0/39 HPs)
             Began as a Demonspawn Gladiator on Dec 19, 2017.
             Slain by a worker ant (5 damage)
             ... on level 4 of the Dungeon.
             The game lasted 00:05:17 (1320 turns).

slep the Chopper (Demonspawn Gladiator)             Turns: 1320, Time: 00:05:18

Health: 0/39       AC:  5    Str: 15    XL:     5   Next: 69%
Magic:  5/5        EV: 10    Int:  9    God:
Gold:   117        SH:  8    Dex: 15    Spells: 4/4 levels left

rFire    . . .     SeeInvis .   a - +0 war axe
rCold    . . .     Gourm    .   s - +1 shield {reflect}
rNeg     . . .     Faith    .   b - +0 leather armour
rPois    .         Spirit   .   (helmet restricted)
rElec    .         Reflect  +   (no cloak)
rCorr    .         Harm     .   (no gloves)
MR       .....                  (no boots)
Stlth    ++........             (no amulet)
HPRegen  1.13/turn              (no ring)
MPRegen  0.09/turn              (no ring)

@: lethally poisoned (0 -> -2)
A: horns 1, icy blue scales 1, nightstalker 1, powered by death 1
a: no special abilities


You were on level 4 of the Dungeon.
You were not hungry.

You visited 1 branch of the dungeon, and saw 4 of its levels.

You collected 117 gold pieces.

Inventory:

Hand Weapons
 a - a +0 war axe (weapon)
Missiles
 d - 3 throwing nets (quivered)
 e - 20 poisoned needles
Armour
 b - a +0 leather armour (worn)
 c - a +0 helmet
 s - a +1 shield of reflection (worn)
Scrolls
 h - 6 scrolls of identify {unknown}
 i - 2 scrolls of teleportation {unknown}
 j - 2 scrolls of fog {unknown}
 k - a scroll of remove curse {unknown}
 l - 2 scrolls of magic mapping {unknown}
 p - 2 scrolls of enchant armour {unknown}
 r - 3 scrolls of amnesia {unknown}
Potions
 g - a potion of heal wounds {unknown}
 m - a potion of curing {unknown}
 n - a potion of invisibility {unknown}
 q - a potion of haste {unknown}
 t - a potion of berserk rage {unknown}
Comestibles
 f - 8 rations


   Skills:
 + Level 2.5 Fighting
 + Level 4.4 Axes
 + Level 2.1 Throwing
 + Level 1.7 Armour
 + Level 3.5 Dodging
 + Level 0.4 Stealth
 + Level 0.1 Shields


You had 4 spell levels left.
You didn't know any spells.

Dungeon Overview and Level Annotations

Branches:
Dungeon (4/15)
 Temple: D:4-7

Altars:

Annotations:
D:2 Terence


Innate Abilities, Weirdness & Mutations

You have a pair of small horns on your head.
You are partially covered in icy blue scales. (AC +2)
You are slightly more attuned to the shadows.
You regenerate a little health from kills.


Message History

* * * LOW HITPOINT WARNING * * *
You are more poisoned.
The worker ant poisons you! The worker ant barely misses you.
You block the orc priest's attack. The orc closely misses you.
You closely miss the orc.
Your shield and leather armour prevent you from hitting the worker ant.
You hit the orc priest.
* * * LOW HITPOINT WARNING * * *
You feel sick. The worker ant bites you.
* * * LOW HITPOINT WARNING * * *
You are more poisoned.
The worker ant poisons you! The orc priest barely misses you.
The orc closely misses you. The worker ant bites you.
* * * LOW HITPOINT WARNING * * *
You slash the orc priest!
You kill the orc priest!
You closely miss the orc. You closely miss the worker ant.
You feel very sick. The worker ant bites you.
You die...

#.###.........(.. #.#
#..........## #.
#.###.########... ..
##......#### ###.
##.#......#### ....
#.#...##..........
#.##.###(####.###.
######.##.###.##.....#.
......@)......##.# #.#<
.####ao######....# #...
#..# ####.###..# #..#
#......# ...# ###.##.#
.#... ...........#
.##.# ##.####.....
######


You could see a worker ant and an orc.

Vanquished Creatures
  A scorpion (D:4)
  A crimson imp (D:4)
  An orc priest (D:4)
  A worker ant (D:4)
  2 adders (D:3)
  2 dart slugs
  3 leopard geckos
  2 orcs (D:4)
  3 bats
  6 giant cockroaches
  6 hobgoblins
  4 jackals (D:2)
  11 kobolds
  A quokka (D:3)
  A ball python (D:3)
  3 frilled lizards
  8 goblins
  5 rats
61 creatures vanquished.

Notes
Turn   | Place    | Note
-------+----------+-------------------------------------------
     0 | D:1      | slep the Demonspawn Gladiator began the quest for the Orb.
     0 | D:1      | Reached XP level 1. HP: 16/16 MP: 1/1
    81 | D:1      | Gained mutation: You regenerate a little health from kills. [demonic ancestry]
    81 | D:1      | Reached XP level 2. HP: 22/22 MP: 2/2
    83 | D:1      | Reached skill level 3 in Axes
   295 | D:1      | Gained mutation: You are partially covered in icy blue scales. (AC +2) [demonic ancestry]
   295 | D:1      | Reached XP level 3. HP: 27/27 MP: 3/3
   707 | D:2      | Noticed Terence
   861 | D:4      | Reached skill level 1 in Armour
   861 | D:4      | Gained mutation: You have a pair of small horns on your head. [demonic ancestry]
   861 | D:4      | Reached XP level 4. HP: 25/33 MP: 4/4
  1118 | D:3      | Reached skill level 4 in Axes
  1118 | D:3      | Gained mutation: You are slightly more attuned to the shadows. [demonic ancestry]
  1118 | D:3      | Reached XP level 5. HP: 25/38 MP: 5/5
  1320 | D:4      | Slain by a worker ant

Vault maps used:
D:1:      sevenhm_arrival_forest_fort_large_2
D:2:      first_ration, elyvilon_altar_4, uniq_terence, uniq_sigmund
D:4:      fedhas_altar_1

Skill      XL: |  1  2  3  4 |
---------------+-------------+-----
Axes           | 3 4 |  4.4
Dodging        | 3 |  3.5
Throwing       | 2 |  2.1
Armour         | 1 |  1.7
Fighting       | |  2.5
Stealth        | |  0.4
Shields        | |  0.1

Action                   |  1- 3 |  4- 6 || total
-------------------------+-------+-------++-------
Melee: War axe           |    91 |    59 ||   150
       Headbutt          |       |    11 ||    11
  Eat: Chunk             |       |     2 ||     2
Armor: Leather armour    |    43 |    16 ||    59
Dodge: Dodged            |   101 |    45 ||   146
Block: Shield            |       |    12 ||    12

Table legend:
 A = Spawn XP
 B = Non-spawn XP
 C = Spawn XP percentage of total XP
 D = Spawn monster count
 E = Non-spawn monster count
 F = Spawn count percentage of total count
 G = Total turns spent on level
                    A         B        C        D         E        F      G
               +---------+---------+-------+---------+---------+-------+---------
         Total |       0 |     324 |   0.0 |       0 |      61 |   0.0 |  1320
               +---------+---------+-------+---------+---------+-------+---------
           D:1 |       0 |      47 |   0.0 |       0 |      25 |   0.0 |   507
           D:2 |       0 |      13 |   0.0 |       0 |       8 |   0.0 |   211
           D:3 |       0 |      61 |   0.0 |       0 |      21 |   0.0 |   523
           D:4 |       0 |     203 |   0.0 |       0 |       7 |   0.0 |    79
               +---------+---------+-------+---------+---------+-------+---------
